 Dungeon Crawl Stone Soup version 0.26-a0-466-g989023bd0d (webtiles) character file.

Game seed: 8190317244935104911

287 Inarius the Sneak (level 6, -1/37 HPs)
             Began as a Kobold Wanderer on Aug 14, 2020.
             Was an Initiate of Okawaru.
             Slain by an orc
             ... wielding a +0 dagger
              (3 damage)
             ... on level 3 of the Dungeon.
             The game lasted 00:03:39 (2836 turns).

Inarius the Sneak (Kobold Wanderer)                 Turns: 2836, Time: 00:03:40

Health: -1/37      AC:  2    Str:  6    XL:     6   Next: 56%
Magic:  6/6        EV: 15    Int: 14    God:    Okawaru [......]
Gold:   138        SH:  0    Dex: 19    Spells: 5/5 levels left

rFire    . . .     SeeInvis .   a - +3 dagger
rCold    . . .     Faith    .   (shield restricted)
rNeg     . . .     Spirit   .   d - +0 robe
rPois    .         Reflect  .   (no helmet)
rElec    .         Harm     .   (no cloak)
rCorr    .                      (no gloves)
MR       .....                  (no boots)
Stlth    ++++......             (no amulet)
HPRegen  0.12/turn              (no ring)
MPRegen  0.10/turn              (no ring)

@: about to teleport, hasted, very quick
A: small, nightstalker 3
a: Renounce Religion


You were on level 3 of the Dungeon.
You worshipped Okawaru.
Okawaru was noncommittal.
You visited 1 branch of the dungeon, and saw 4 of its levels.

You collected 138 gold pieces.

Inventory:

Hand Weapons
 a - a +3 dagger (weapon)
Missiles
 b - 3 curare-tipped darts (quivered)
 m - 19 poisoned darts
Armour
 d - a +0 robe (worn)
Jewellery
 p - a +4 ring of protection {unknown}
Wands
 e - a wand of clouds (2)
Scrolls
 g - a scroll of identify
 h - a scroll of teleportation
 i - a scroll of fear {unknown}
 j - 4 scrolls of remove curse
 k - 2 scrolls of amnesia
 n - 2 scrolls of enchant weapon
 o - a scroll of magic mapping


   Skills:
 + Level 3.1 Fighting
 * Level 4.8 Short Blades
   Level 1.7 Staves
 - Level 1.1 Throwing
 + Level 1.8 Dodging
 + Level 5.6 Stealth
 - Level 3.0 Unarmed Combat
 * Level 1.8 Evocations


You had 5 spell levels left.
You didn't know any spells.
Your spell library contained the following spells:

 Spells                   Type           Power        Failure   Level
 Confusing Touch          Hex            #.......     65%         3
 Gell's Gravitas          Tloc           #.........   65%         3
 Petrify                  Tmut/Erth      #.......     96%         4
 Metabolic Englaciation   Hex/Ice        #.........   100%        5
 Yara's Violent Unravell  Hex/Tmut       #.........   100%        5


Dungeon Overview and Level Annotations

Branches:
Dungeon (4/15)
 Temple: D:4-7

Altars:
Okawaru
Trog
Wu Jian

Annotations:
D:3 2 transporters


Innate Abilities, Weirdness & Mutations

You are small and have problems with some larger weapons.
You are completely attuned to the shadows.


Message History

As you read the scroll labeled NINAMU NACOG, it crumbles to dust.
You feel strangely unstable.
It was a scroll of teleportation.
The orc hits you with a +0 dagger.
* * * LOW HITPOINT WARNING * * *
The orc barely misses you.
You aren't carrying any potions.
Unknown command.
As you read the scroll labeled ETHOMA UPRED, it crumbles to dust.
It is a scroll of identify.
j - 4 scrolls of remove curse The orc closely misses you.
The orc completely misses you.
As you read the scroll labeled EPPI QAOGU, it crumbles to dust.
It is a scroll of enchant weapon.
Your +2 dagger glows red for a moment.
The orc misses you.
As you read the scroll labeled NOYFAC DYPTIZO, it crumbles to dust.
You feel aware of your surroundings.
It was a scroll of magic mapping.
The orc hits you with a +0 club.
* * * LOW HITPOINT WARNING * * *
The orc hits you with a +0 dagger.
You die...

#........##...............# #..##
##.....#.###..#####.#.###.###....
##...##.###..# #.#.# ##...####
##.###...#..# #.#.# ##รท.....
#.....)....#####.#.# #.#####
#.............##.#.# #.#
#######.#.###.##(#.# #.# #.#.#
#o##.#.#####.# #.#.#
#@##.#.......##### #.#.#
#oo#.######....... #.#.# ##[#.#
#....... #.#.## #.#.# #.......
#....###.#.######.......
#........[..............
##...#########.###..)...
##.############........
#^#8#_#8#.#.##.#.)....


You could see 3 orcs.

Vanquished Creatures
  Sigmund (D:3)
  2 adders
  An ufetubus (D:2)
  2 oozes
  3 worms
  A dart slug (D:1)
  5 leopard geckos
  9 orcs
  9 bats
  5 giant cockroaches
  7 goblins
  6 hobgoblins
  6 kobolds
  4 rats
61 creatures vanquished.

Vanquished Creatures (others)
  An orc priest (D:3)
  A dart slug (D:3)
  An orc (D:3)
  A giant cockroach (D:3)
  A hobgoblin (D:3)
5 creatures vanquished.

Grand Total: 66 creatures vanquished

Notes
Turn   | Place    | Note
-------+----------+-------------------------------------------
     0 | D:1      | Inarius the Kobold Wanderer began the quest for the Orb.
     0 | D:1      | Inarius set off with the following items: a +2 dagger, 3
                  | curare-tipped darts, 2 potions of curing, a +0 robe
     0 | D:1      | Reached XP level 1. HP: 12/12 MP: 1/1
    60 | D:1      | Reached skill level 1 in Short Blades
    60 | D:1      | Reached skill level 3 in Stealth
    65 | D:1      | Reached XP level 2. HP: 15/17 MP: 2/2
   228 | D:1      | Reached XP level 3. HP: 21/21 MP: 3/3
  1163 | D:2      | Reached skill level 4 in Stealth
  1163 | D:2      | Reached XP level 4. HP: 27/27 MP: 4/4
  1167 | D:2      | Reached skill level 1 in Dodging
  2136 | D:3      | Reached XP level 5. HP: 31/31 MP: 5/5
  2230 | D:3      | Found a transporter.
  2262 | D:3      | Found a transporter.
  2326 | D:3      | Noticed Sigmund
  2330 | D:3      | Killed Sigmund
  2330 | D:3      | Reached skill level 5 in Stealth
  2330 | D:3      | Reached skill level 1 in Evocations
  2330 | D:3      | Reached XP level 6. HP: 37/37 MP: 6/6
  2558 | D:3      | Found an iron altar of Okawaru.
  2562 | D:3      | Found an ornate altar of the Wu Jian Council.
  2562 | D:3      | Found a bloodstained altar of Trog.
  2642 | D:3      | Became a worshipper of Warmaster Okawaru
  2836 | D:3      | Slain by an orc

Illustrated notes

Levels and vault maps discovered:
D:1:      dpeg_chamrin_arrival_tetris, layout_basic
D:2:      layout_rooms, minmay_tetromino_l2
D:3:      gammafunk_wand_slinger, layout_loops_ring, minitemple, st_stairs_1,
          uniq_sigmund
D:4:      layout_cave_pools, nemelex_spade_bored_becter

Skill      XL: |  1  2  3  4  5 |
---------------+----------------+-----
Short Blades   | 1 2 3 4 |  4.8
Stealth        | 3 4 5 |  5.6
Dodging        | 1 |  1.8
Fighting       | 3 |  3.1
Evocations     | 1 |  1.8
Staves         | |  1.7
Throwing       | |  1.1
Unarmed Combat | |  3.0

Action                   |  1- 3 |  4- 6 || total
-------------------------+-------+-------++-------
Melee: Dagger            |    69 |   125 ||   194
       Punch             |     1 |     2 ||     3
  Use: Potion            |       |     8 ||     8
       Scroll            |       |     5 ||     5
 Stab: Sleeping          |    15 |    18 ||    33
       Distracted        |       |     2 ||     2
Armor: Robe              |    11 |    17 ||    28
Dodge: Dodged            |    36 |   111 ||   147

Table legend: (Time is in decaauts)
 A = Elapsed time spent in this place.
 B = Non-inter-level travel time spent in this place.
 C = Inter-level travel time spent in this place.
 D = Time resting spent in this place.
 E = Time spent auto-exploring this place.
 F = Levels seen in this place.
 G = Mean time per level.
                   A        B        C        D        E       F      G
               +--------+--------+--------+--------+--------+-----+--------+
         Total |   2807 |   2695 |    112 |    498 |   1775 |   4 |  701.8 |
       Dungeon |   2807 |   2695 |    112 |    498 |   1775 |   4 |  701.8 |
               +--------+--------+--------+--------+--------+-----+--------+

Top non-repeatable levels by time:
     D:3: 1091 daAuts
     D:1: 1037 daAuts
     D:2: 666 daAuts
     D:4: 12 daAuts
